 Dungeon Crawl Stone Soup version 0.31-a0-836-g3ceb0a68c4 (webtiles) character file.

Game seed: 18258999261790879105

758 Aneyh the Summoner (level 7, -5/41 HPs)
             Began as a Tengu Monk on Sept 27, 2023.
             Slain by Duvessa
             ... wielding a +0 short sword
              (10 damage)
             ... on level 5 of the Dungeon.
             The game lasted 00:06:08 (3722 turns).

Aneyh the Summoner (Tengu Monk)                     Turns: 3722, Time: 00:06:09

Health: -5/41      AC:  5    Str: 19    XL:     7   Next: 80%
Magic:  8/8        EV: 17    Int: 17    God:
Gold:   254        SH:  0    Dex: 20    Spells: 4/6 levels left

rFire   . . .        r - +8 dagger of Niudu {flame, *Rage rN+ Int+5}
rCold   + . .        (no shield)
rNeg    + . .        u - +1 robe "Unkoi" {+Blink rPois Will- Stlth+}
rPois   +            e - +1 hat
rElec   .            n - +0 cloak
rCorr   .            (no gloves)
SInv    +            (boots unavailable)
Will    .....        m - amulet "Weybromm" {RegenMP Will- Str+4 Int+2}
Stlth   +++          j - ring of see invisible
HPRegen 0.26/turn    w - ring "Vyschory" {rC+ Will+ Str+3 Dex+2 Stlth+}
MPRegen 0.51/turn

%: random rage (20%), acrobat
@: confused, ambrosia-drunk, flying
A: beak, talons 3, evasive flight, acrobatic
a: Evoke Blink


You were on level 5 of the Dungeon.
You visited 1 branch of the dungeon, and saw 5 of its levels.

You collected 254 gold pieces.

Inventory:

Hand Weapons
 a - a +0 falchion
 i - a +0 spear
 q - a +0 long sword
 r - the +8 dagger of Niudu (weapon) {flame, *Rage rN+ Int+5}
   (You found it on level 3 of the Dungeon)

   Int+5:     It affects your intelligence (+5).
   rN+:       It protects you from negative energy.
   *Rage:     It berserks you when you make melee attacks (+20% chance).
 t - a +0 dagger of venom
 I - a +0 orcbow
Armour
 b - a +0 robe
 d - an orb of light
 e - a +1 hat (worn)
 n - a +0 cloak (worn)
 u - the +1 robe "Unkoi" (worn) {+Blink rPois Will- Stlth+}
   (You found it on level 3 of the Dungeon)

   rPois:     It protects you from poison Will-: It decreases your willpower.
   +Blink:    It lets you blink.
   Stlth+:    It makes you more stealthy.
 v - a +0 kite shield
Jewellery
 j - a ring of see invisible (left hand)
 m - the amulet "Weybromm" (around neck) {RegenMP Will- Str+4 Int+2}
   (You found it on level 2 of the Dungeon)

   [amulet of magic regeneration]

   RegenMP:   It increases your rate of magic regeneration.
   Str+4:     It affects your strength (+4).
   Int+2:     It affects your intelligence (+2).
   Will-:     It decreases your willpower.
 w - the ring "Vyschory" (right hand) {rC+ Will+ Str+3 Dex+2 Stlth+}
   (You found it on level 3 of the Dungeon)

   [ring of protection from cold]

   Str+3:     It affects your strength (+3).
   Dex+2:     It affects your dexterity (+2).
   rC+:       It protects you from cold.
   Will+:     It increases your willpower.
   Stlth+:    It makes you more stealthy.
Wands
 l - a wand of flame (24)
Scrolls
 f - a scroll of summoning {unknown}
 p - a scroll of amnesia {unknown}
 s - a scroll of enchant weapon {unknown}
 x - a scroll of noise {unknown}
 y - a scroll of blinking {unknown}
 z - 3 scrolls of identify
 B - a scroll of fog {unknown}
 D - a scroll of torment {unknown}
 E - a scroll of enchant armour {unknown}
 F - a scroll of brand weapon {unknown}
 H - 2 scrolls of poison {unknown}
 J - a scroll of fear {unknown}
Potions
 c - 2 potions of ambrosia
 g - a potion of haste {unknown}
 h - a potion of curing
 k - a potion of mutation {unknown}
 o - 2 potions of berserk rage {unknown}
 A - a potion of heal wounds {unknown}
 C - a potion of attraction {unknown}
 G - a potion of brilliance {unknown}


   Skills:
 - Level 3.0 Fighting
 - Level 5.1 Long Blades
 - Level 3.2 Dodging
 * Level 9.0 Summonings


You had 4 spell levels left.
You knew the following spells:

 Your Spells              Type           Power      Damage    Failure   Level
a - Call Imp              Summ           60%        N/A       1%          2

Your spell library contained the following spells:

 Spells                   Type           Power      Damage    Failure   Level
 Magic Dart               Conj           0%         1d3       24%         1
 Animate Armour           Summ/Erth      30%        N/A       36%         4
 Summon Ice Beast         Ice/Summ       15%        N/A       36%         4
 Hailstorm                Conj/Ice       0%         3d3       56%         3
 Mephitic Cloud           Conj/Pois/Air  0%         N/A       56%         3
 Stone Arrow              Conj/Erth      0%         3d7       56%         3
 Animate Dead             Necr           0%         N/A       93%         4
 Borgnjor's Vile Clutch   Necr/Erth      0%         N/A       100%        5
 Death Channel            Necr           0%         N/A       100%        6
 Simulacrum               Ice/Necr       0%         N/A       100%        6
 Lehudib's Crystal Spear  Conj/Erth      0%         10d2      100%        8


Dungeon Overview and Level Annotations

Branches:
Dungeon (5/15)
 Temple: D:4-7

Altars:
Makhleb
Okawaru
Zin

Shops:
D:2 *

Annotations:
D:5 3 runed translucent doors, Age's ghost, novice MiFi; Duvessa; Kurtz's ghost, novice OpFi


Innate Abilities, Weirdness & Mutations

You have a beak for a mouth.
You have claws for feet.
Your magical flight helps you evade attacks. (EV +4)
You can magically evade attacks while moving or waiting.


Message History

Found a stone staircase leading up.
J - a scroll labelled UNWAT XOYF You now have 254 gold pieces (gained 16).
There is a stone staircase leading up here.
Found a runed translucent gate.
No target in view!
No target in view!
Age's ghost turns its malevolent gaze towards you.
Age's ghost whispers, "Trust me.
Just give in."
There is a stone staircase leading up here.
Duvessa, Sister of Dowan comes into view.
She is wielding a +0 short sword and wearing a +1 leather armour of fire resistance.
Duvessa is nearby!
Dowan, Brother of Duvessa comes into view.
He is wielding a +0 dagger.
The helpless Dowan fails to defend himself.
You puncture Dowan! You burn Dowan!
You kill Dowan!
Duvessa screams, "No!
How DARE you!"
Duvessa goes berserk!
Duvessa rages.
Your Summonings skill increases to level 9!
You hit Duvessa. You claw Duvessa. You peck Duvessa, but do no damage.
Duvessa is lightly wounded.
Duvessa hits you with a +0 short sword! Duvessa closely misses you.
You barely miss Duvessa. You claw Duvessa, but do no damage.
Duvessa is lightly wounded.
Duvessa completely misses you.
You hit Duvessa.
Duvessa is lightly wounded.
Duvessa hits you with a +0 short sword!
You hit Duvessa. You claw Duvessa, but do no damage.
Duvessa is lightly wounded.
Duvessa hits you with a +0 short sword!
You are too injured to fight recklessly!
You are too injured to fight recklessly!
You are too injured to fight recklessly!
You are confused.
You feel invigorated. Duvessa hits you with a +0 short sword!
* * * LOW HITPOINT WARNING * * *
Duvessa hits you with a +0 short sword!
You die...

.........# #.........
.......... .........
##.♣⌠♣$##.........
##8.....8##...... ####
#......../#e).# #.###.#.
#♣.......♣#@#########.....#.
#⌠.......⌠#........## #...
♣......W♣########..## #.#.
###+++######### ##..####.#.
#.............#####......#.
#.......#.###...######..##.
####......# ###...##.......
######## ###..<.###...
#....# #...


You could see Duvessa (berserk).

Vanquished Creatures
  Grinder (D:3)
  A centaur (D:5)
  2 phantoms
  A scorpion (D:4)
  Dowan (D:5)
  A hound (D:4)
  A sleepcap (D:4)
  Ijyb (D:5)
  An orc wizard (D:3)
  3 gnolls (D:4)
  2 adders
  A white imp (D:5)
  2 worms (D:2)
  A dart slug (D:3)
  4 orcs
  4 ball pythons
  6 bats
  3 endoplasms
  A giant cockroach (D:3)
  3 goblins
  7 hobgoblins
  4 jackals
  3 quokkas
  3 frilled lizards
  4 kobolds
  7 rats
68 creatures vanquished.

Notes
Turn   | Place    | Note
-------+----------+-------------------------------------------
     0 | D:1      | Aneyh the Tengu Monk began the quest for the Orb.
     0 | D:1      | Reached XP level 1. HP: 14/14 MP: 2/2
   351 | D:1      | Reached XP level 2. HP: 19/19 MP: 3/3
  1071 | D:2      | Reached XP level 3. HP: 10/23 MP: 4/4
  1149 | D:2      | Identified the amulet "Weybromm" {RegenMP Will- Str+4
                  | Int+2}
  1309 | D:2      | Found a glowing silver altar of Zin.
  1387 | D:2      | Reached skill level 5 in Long Blades
  1557 | D:2      | Found Xaose's Assorted Antiques.
  1769 | D:3      | Identified the +8 dagger of Niudu {flame, *Rage rN+ Int+5}
  1790 | D:3      | Learned a level 2 spell: Call Imp
  1971 | D:3      | Identified the +1 robe "Unkoi" {+Blink rPois Will- Stlth+}
  2005 | D:3      | Reached skill level 1 in Summonings
  2005 | D:3      | Reached XP level 4. HP: 28/28 MP: 5/5
  2238 | D:3      | Reached skill level 2 in Summonings
  2294 | D:3      | Identified the ring "Vyschory" {rC+ Will+ Str+3 Dex+2
                  | Stlth+}
  2391 | D:3      | Identified the +5 morningstar "Soom" {drain, Str+3 Dex+2}
  2596 | D:3      | Noticed Grinder
  2603 | D:3      | Killed Grinder
  2604 | D:3      | Reached skill level 5 in Summonings
  2604 | D:3      | Reached XP level 5. HP: 32/32 MP: 6/6
  2604 | D:3      | Reached XP level 6. HP: 37/37 MP: 7/7
  2778 | D:3      | Found a burning altar of Makhleb.
  2778 | D:3      | Found an iron altar of Okawaru.
  2850 | D:4      | Reached skill level 6 in Summonings
  2972 | D:4      | Reached skill level 7 in Summonings
  2974 | D:4      | Gained mutation: Your magical flight helps you evade
                  | attacks. (EV +4) [Tengu growth]
  2974 | D:4      | Reached XP level 7. HP: 41/41 MP: 8/8
  3523 | D:5      | Entered Level 5 of the Dungeon
  3523 | D:5      | Noticed Ijyb
  3529 | D:5      | Killed Ijyb
  3542 | D:5      | Reached skill level 8 in Summonings
  3670 | D:5      | Found a runed translucent gate.
  3671 | D:5      | Found a runed translucent gate.
  3672 | D:5      | Found a runed translucent gate.
  3673 | D:5      | Noticed Age's ghost (novice MiFi)
  3675 | D:5      | Noticed Kurtz's ghost (novice OpFi)
  3715 | D:5      | Noticed Duvessa
  3716 | D:5      | Noticed Dowan
  3717 | D:5      | Killed Dowan
  3718 | D:5      | Reached skill level 9 in Summonings
  3722 | D:5      | Slain by Duvessa

Illustrated notes

Levels and vault maps discovered:
D:1:      dpeg_arrival_orchard, layout_basic, serial_forest,
          infiniplex_forest_lined_room_2, infiniplex_forest_clump_curved,
          infiniplex_forest_straight_3, infiniplex_forest_lined_2,
          infiniplex_forest_end_3, infiniplex_forest_clump_curved,
          infiniplex_forest_clump_long, infiniplex_forest_end_1
D:2:      layout_basic, serial_shops, nicolae_shop_rolling_square, basic_altar
D:3:      layout_rooms, gammafunk_temple_overflow_elements,
          minmay_close_crescents, uniq_grinder
D:4:      layout_gridville
D:5:      kennysheep_spiral_hall, layout_rooms, trog_book,
          gammafunk_ghost_cemetery, nicolae_shop_i_like_big_books,
          guppyfry_early_lair_pool, uniq_duvessa, uniq_menkaure, uniq_ijyb

Skill      XL: |  1  2  3  4  5  6  7 |
---------------+----------------------+-----
Long Blades    | 4 5 |  5.1
Summonings     | 1 5 7 9 |  9.0
Fighting       | |  3.0
Dodging        | |  3.2

Action                     |  1- 3 |  4- 6 |  7- 9 || total
---------------------------+-------+-------+-------++-------
  Melee: Falchion          |    86 |       |       ||    86
         Kick              |    24 |     9 |    13 ||    46
         Peck              |    21 |     2 |     4 ||    27
         Dagger            |     8 |    36 |    31 ||    75
   Cast: Call Imp          |       |     2 |     2 ||     4
    Use: Scroll            |     1 |       |       ||     1
         Potion            |       |       |     1 ||     1
   Stab: Sleeping          |     2 |     1 |     7 ||    10
 Armour: Robe              |    40 |    12 |    11 ||    63
  Dodge: Dodged            |    65 |    25 |    16 ||   106

Table legend: (Time is in decaauts)
 A = Elapsed time spent in this place.
 B = Non-inter-level travel time spent in this place.
 C = Inter-level travel time spent in this place.
 D = Time resting spent in this place.
 E = Time spent auto-exploring this place.
 F = Levels seen in this place.
 G = Mean time per level.
                   A        B        C        D        E       F      G
               +--------+--------+--------+--------+--------+-----+--------+
         Total |   3820 |   3748 |     72 |   1042 |   2153 |   5 |  764.0 |
       Dungeon |   3820 |   3748 |     72 |   1042 |   2153 |   5 |  764.0 |
               +--------+--------+--------+--------+--------+-----+--------+

Top non-repeatable levels by time:
     D:3: 1112 daAuts
     D:2: 887 daAuts
     D:1: 862 daAuts
     D:4: 737 daAuts
     D:5: 220 daAuts
